 Dungeon Crawl Stone Soup version 0.29.0-4-gdea44cf6ec (webtiles) character file.

Game seed: 2909452448444764042

26128 qw the Brawler (level 12, -2/119 HPs)
             Began as a Troll Cinder Acolyte on Sept 3, 2022.
             Was an Initiate of Ignis.
             Slain by a komodo dragon (14 damage)
             ... on level 5 of the Lair of Beasts.
             The game lasted 00:06:41 (12909 turns).

qw the Brawler (Troll Cinder Acolyte)              Turns: 12909, Time: 00:06:42

Health: -2/119     AC: 13    Str: 29    XL:     12   Next: 95%
Magic:  12/12      EV:  4    Int: 10    God:    Ignis [......]
Gold:   914        SH:  5    Dex:  5    Spells: 13/13 levels left

rFire   + + +      SeeInvis +     - Unarmed
rCold   x . .      Faith    .   (no shield)
rNeg    . . .      Spirit   .   q - +0 fire dragon scales
rPois   +          Reflect  +   (helmet restricted)
rElec   .          Harm     .   i - +0 cloak
rCorr   .          Rampage  .   (gloves unavailable)
Will    .....                   (boots unavailable)
Stlth   ..........              b - amulet of reflection
HPRegen 1.09/turn               l - ring of see invisible
MPRegen 0.13/turn               o - ring of poison resistance

@: about to teleport, petrifying, very slow
A: large, unfitting armour, claws 3, regeneration 1, shaggy fur 1, tough skin 1
a: Renounce Religion, Rising Flame


You were on level 5 of the Lair of Beasts.
You worshipped Ignis.
Ignis was noncommittal.
You visited 2 branches of the dungeon, and saw 14 of its levels.
You also visited: Sewer.

You collected 914 gold pieces.


Innate Abilities, Weirdness & Mutations

You are too large for most types of armour.
You have claws for hands.
Your natural rate of healing is unusually fast.
You are covered in fur. (AC +1)
You have tough skin. (AC +1)


   Skills:
 - Level 8.0 Fighting
 - Level 5.0 Throwing
 - Level 5.0 Armour
 - Level 2.0 Dodging
 + Level 18.0 Unarmed Combat
 - Level 1.0 Spellcasting
 - Level 2.1 Fire Magic


You had 13 spell levels left.
You didn't know any spells.
Your spell library contained the following spells:

 Spells                   Type           Power      Damage    Failure   Level
 Scorch                   Fire           8%         2d5       45%         2

Inventory:

Armour
 i - a +0 cloak (worn)
 q - +0 fire dragon scales (worn)
Jewellery
 b - an amulet of reflection (around neck)
 l - a ring of see invisible (left claw)
 o - a ring of poison resistance (right claw)
 p - a ring of protection from cold
 s - a +4 ring of protection
Scrolls
 c - 9 scrolls of identify
 d - a scroll of enchant armour {unknown}
 j - a scroll of brand weapon
 m - 3 scrolls of enchant weapon
 n - 5 scrolls of teleportation
Potions
 e - 5 potions of might
 f - 2 potions of mutation
 h - 3 potions of curing
 k - 5 potions of heal wounds

Dungeon Overview and Level Annotations

Branches:
Dungeon (9/15)             Temple (0/1) D:7            Lair (5/5) D:9
  Swamp (0/4) Lair:3       Spider (0/4) Lair:3        Slime (0/5) Lair:4
  Sewer (visited)
    Orc: D:9-12

Altars:
Okawaru
Qazlal
Wu Jian
Jiyva

Shops:
D:1 [   D:8 (

Annotations:
D:4 2 transporters, 1 runed translucent door, Crazy Yiuf; qw's ghost, amateur FoCA
Lair:5 2 runed translucent doors


Message History

You scratch the molten gargoyle but do no damage.
The molten gargoyle is severely damaged.
Your surroundings suddenly seem different.
A lindwurm, a komodo dragon, 3 snakes and 3 hell hounds come into view.
The lindwurm roars!
The hell hound barks!
The black mamba hisses angrily.
The komodo dragon hisses angrily.
The hell hound barks!
The black mamba hisses angrily.
The lava snake hisses angrily.
The hell hound barks!
You hear an angry hiss.
The hell hound breathes flames at you. The blast of flame hits you. You resist.
A steam dragon comes into view.
A basilisk comes into view.
The black mamba bites you but does no damage.
Your limbs are stiffening.
Enter note:
12908 ||| DRINKING potion of cancellation.
You feel limber!
You feel magically purged.
You feel sick.
You are no longer poisoned.
The black mamba barely misses you. The hell hound bites you.
The black mamba bites you but does no damage.
You block the black mamba's attack. The lava snake spits lava at you.
The glob of lava hits you. You partially resist. The hell hound bites you.
The black mamba bites you but does no damage.
The black mamba bites you. The basilisk gazes at you.
You are slowing down.
The komodo dragon bites you but does no damage.
The hell hound bites you!
12909 ||| READING 6 scrolls of teleportation.
As you read the scroll of teleportation, it crumbles to dust.
You feel strangely unstable. The black mamba bites you.
The black mamba bites you but does no damage.
The hell hound bites you.
The black mamba bites you but does no damage. x2
The lava snake bites you but does no damage.
The komodo dragon bites you!!
You die...

.....## # ....##
¤¤##++##k~~#. #
#8¤## ~~~..~¤~~#..
##~~..¤~.....
##..¤..~.....¤
..¤......D...
¤..lh.h..~~¤
#~¤¤~¤SSl.~~¤~#
#¤~~¤S@h~~~# # ####
##.#~~¤¤~~~~#
######..###
##8#8###~¤#
..........###### ##
# ............%#####
......#.....%....#
......#......%...#
.................##
P.....
.................P##
.. P.....


You could see a lindwurm, a komodo dragon, 2 black mambas, a basilisk, a steam
dragon, 3 hell hounds and a lava snake.

Vanquished Creatures
  A fire dragon (D:9)
  A hydra (Lair:2)
  A catoblepas (Lair:4)
  A two-headed ogre (D:9)
  Urug (Lair:2)
  A lindwurm (Lair:5)
  5 elephants (Lair:5)
  Joseph (D:8)
  5 black mambas
  10 cane toads
  2 rime drakes
  5 komodo dragons
  A polar bear (Lair:1)
  3 blink frogs (Lair:1)
  3 dream sheep (Lair:5)
  Sigmund (D:2)
  A culicivora (Lair:3)
  4 jumping spiders (Lair:3)
  A wraith (D:9)
  34 yaks
  3 wyverns
  A steam dragon (D:7)
  3 redbacks (Lair:3)
  9 water moccasins
  Edmund (D:6)
  An acid dragon (D:9)
  An ice beast (D:6)
  2 orc warriors
  2 sky beasts
  2 black bears
  21 wolves
  3 centaurs
  A phantom (D:7)
  3 kobold brigands
  3 scorpions
  7 bullfrogs
  2 necrophages (D:5)
  2 electric eels (Lair:1)
  2 howler monkeys (D:7)
  4 hounds
  2 orc priests
  A gnoll bouda (D:4)
  8 jellies
  5 iguanas
  16 orc wizards
  Ijyb (D:4)
  A hell rat (Sewer)
  Robin (D:3)
  4 gnolls (D:4)
  9 adders
  4 river rats (Sewer)
  A shadow imp (D:5)
  A white imp (D:5)
  2 ufetubi
  3 dart slugs
  36 orcs
  3 ball pythons
  8 endoplasms
  19 goblins
  9 hobgoblins
  19 kobolds
  5 bats
  2 frilled lizards
  7 rats
322 creatures vanquished.

Vanquished Creatures (others)
  15 fungi
  13 plants
28 creatures vanquished.

Grand Total: 350 creatures vanquished

Notes
Turn   | Place    | Note
-------+----------+-------------------------------------------
     0 | D:1      | qw the Troll Cinder Acolyte began the quest for the Orb.
     0 | D:1      | Reached XP level 1. HP: 22/22 MP: 1/1
     0 | D:1      | 0 ||| qw: Version: 0.1-a-102-g441f92d
     0 | D:1      | 0 ||| qw: Game counter: 5224
     0 | D:1      | 0 ||| qw: Always use a shield: true
     0 | D:1      | 0 ||| qw: God list: Okawaru
     0 | D:1      | 0 ||| qw: Allow faded altars: false
     0 | D:1      | 0 ||| qw: Do Orc after D:15 true
     0 | D:1      | 0 ||| qw: Do second Lair branch before Depths: true
     0 | D:1      | 0 ||| qw: Lair rune preference: random
     0 | D:1      | 0 ||| qw: Plans: Normal
     0 | D:1      | 0 ||| PLANNING D:1-11
    38 | D:1      | 38 ||| Stepping ~*~*~tactically~*~*~ (hiding).
   214 | D:1      | 214 ||| Stepping ~*~*~tactically~*~*~ (stealth).
   216 | D:1      | 216 ||| Stepping ~*~*~tactically~*~*~ (stealth).
   226 | D:1      | 226 ||| Stepping ~*~*~tactically~*~*~ (stealth).
   355 | D:1      | Found Egag's Armour Shop.
   467 | D:1      | Reached XP level 2. HP: 25/29 MP: 2/2
   683 | D:1      | 683 ||| READING 4 scrolls labelled COISYA RUTINK.
   684 | D:1      | 684 ||| READING scroll labelled HACUKE HIPIBB.
   685 | D:1      | 685 ||| READING scroll labelled JEJODD ZETUMEOMUA.
   686 | D:1      | 686 ||| READING scroll labelled LEHOMO LIXZY.
   687 | D:1      | 687 ||| READING scroll labelled YLAUHI ANYNG.
   692 | D:1      | 692 ||| DRINKING 2 coppery potions.
   693 | D:1      | 693 ||| READING 3 scrolls of identify.
   693 | D:1      | 693 ||| IDENTIFYING purple potion
   694 | D:1      | 694 ||| DROPPING potion of ambrosia.
   977 | D:2      | Reached skill level 4 in Unarmed Combat
  1281 | D:2      | Noticed Sigmund
  1287 | D:2      | 1287 ||| DRINKING 3 potions of curing.
  1287 | D:2      | 1287 ||| (to cure confusion)
  1293 | D:2      | Killed Sigmund
  1294 | D:2      | Reached skill level 6 in Unarmed Combat
  1294 | D:2      | Reached XP level 3. HP: 27/36 MP: 3/3
  1294 | D:2      | Reached XP level 4. HP: 34/44 MP: 4/4
  1294 | D:2      | Reached XP level 5. HP: 38/50 MP: 5/5
  1513 | D:2      | 1513 ||| UPGRADING to amulet of reflection.
  1518 | D:2      | 1518 ||| DROPPING amulet of magic regeneration.
  1519 | D:2      | 1519 ||| UPGRADING to ring of protection from cold.
  1520 | D:2      | 1520 ||| READING scroll labelled NILUORUFEL.
  1521 | D:2      | 1521 ||| READING scroll labelled ARPHIXTYOTU.
  1522 | D:2      | 1522 ||| READING 2 scrolls of identify.
  1522 | D:2      | 1522 ||| IDENTIFYING fuming golden potion
  1599 | D:3      | 1599 ||| Stepping ~*~*~tactically~*~*~ (stealth).
  1603 | D:3      | 1603 ||| Stepping ~*~*~tactically~*~*~ (stealth).
  1609 | D:3      | 1609 ||| Stepping ~*~*~tactically~*~*~ (stealth).
  1612 | D:3      | 1612 ||| Stepping ~*~*~tactically~*~*~ (hiding).
  1619 | D:3      | 1619 ||| DRINKING 2 potions of curing.
  1619 | D:3      | 1619 ||| (to cure confusion)
  1761 | D:3      | 1761 ||| INVOKING Fiery Armour.
  1764 | D:3      | Noticed Robin
  1766 | D:3      | 1766 ||| Stepping ~*~*~tactically~*~*~ (outnumbered).
  1767 | D:3      | 1767 ||| Stepping ~*~*~tactically~*~*~ (outnumbered).
  1776 | D:3      | Killed Robin
  1779 | D:3      | 1779 ||| Stepping ~*~*~tactically~*~*~ (outnumbered).
  1780 | D:3      | 1780 ||| Stepping ~*~*~tactically~*~*~ (outnumbered).
  2021 | D:3      | 2021 ||| Stepping ~*~*~tactically~*~*~ (stealth).
  2034 | D:3      | Reached XP level 6. HP: 52/59 MP: 6/6
  2034 | D:3      | 2034 ||| FLEEEEING.
  2035 | D:3      | 2035 ||| FLEEEEING.
  2047 | D:3      | 2047 ||| Stepping ~*~*~tactically~*~*~ (stealth).
  2124 | D:3      | 2124 ||| Stepping ~*~*~tactically~*~*~ (stealth).
  2126 | D:3      | 2126 ||| Stepping ~*~*~tactically~*~*~ (hiding).
  2146 | D:3      | Reached skill level 7 in Unarmed Combat
  2172 | D:3      | 2172 ||| Stepping ~*~*~tactically~*~*~ (hiding).
  2242 | D:3      | 2242 ||| Stepping ~*~*~tactically~*~*~ (outnumbered).
  2252 | D:3      | 2252 ||| Stepping ~*~*~tactically~*~*~ (stealth).
  2287 | D:3      | 2287 ||| Stepping ~*~*~tactically~*~*~ (stealth).
  2288 | D:3      | 2288 ||| Stepping ~*~*~tactically~*~*~ (stealth).
  2290 | D:3      | 2290 ||| Stepping ~*~*~tactically~*~*~ (stealth).
  2299 | D:3      | 2299 ||| Stepping ~*~*~tactically~*~*~ (stealth).
  2362 | D:3      | 2362 ||| Stepping ~*~*~tactically~*~*~ (hiding).
  2371 | D:3      | 2371 ||| Stepping ~*~*~tactically~*~*~ (outnumbered).
  2585 | D:3      | 2585 ||| UPGRADING to +0 cloak.
  2590 | D:3      | 2590 ||| READING scroll labelled PIATU BU BURR.
  2591 | D:3      | 2591 ||| DRINKING 4 fuming brown potions.
  2640 | D:4      | 2640 ||| INVOKING Fiery Armour.
  2643 | D:4      | 2643 ||| Stepping ~*~*~tactically~*~*~ (outnumbered).
  2650 | D:4      | 2650 ||| Stepping ~*~*~tactically~*~*~ (outnumbered).
  2652 | D:4      | 2652 ||| Stepping ~*~*~tactically~*~*~ (outnumbered).
  2654 | D:4      | 2654 ||| Stepping ~*~*~tactically~*~*~ (outnumbered).
  2655 | D:4      | 2655 ||| Stepping ~*~*~tactically~*~*~ (outnumbered).
  2664 | D:4      | 2664 ||| Stepping ~*~*~tactically~*~*~ (outnumbered).
  2735 | D:4      | Reached skill level 8 in Unarmed Combat
  2735 | D:4      | Reached XP level 7. HP: 66/66 MP: 7/7
  2758 | D:4      | Noticed Ijyb
  2791 | D:4      | Killed Ijyb
  2827 | D:4      | Found a transporter.
  2827 | D:4      | Noticed qw's ghost (amateur FoCA)
  2846 | D:4      | Found a transporter.
  2947 | D:4      | Reached skill level 3 in Fighting
  2962 | D:4      | 2962 ||| FLEEEEING.
  3051 | D:4      | 3051 ||| Stepping ~*~*~tactically~*~*~ (stealth).
  3059 | D:4      | 3059 ||| Stepping ~*~*~tactically~*~*~ (stealth).
  3061 | D:4      | 3061 ||| Stepping ~*~*~tactically~*~*~ (hiding).
  3107 | D:4      | Found a runed translucent door.
  3108 | D:4      | Noticed Crazy Yiuf
  3286 | D:4      | 3286 ||| UPGRADING to ring of poison resistance.
  3287 | D:4      | 3287 ||| READING 3 scrolls of identify.
  3287 | D:4      | 3287 ||| IDENTIFYING metallic golden potion
  3288 | D:4      | 3288 ||| READING 2 scrolls of identify.
  3288 | D:4      | 3288 ||| IDENTIFYING black potion
  3289 | D:4      | 3289 ||| DROPPING potion of berserk rage.
  3320 | D:5      | Entered Level 5 of the Dungeon
  3321 | D:5      | 3321 ||| PLANNING SEWER
  3439 | D:5      | Reached skill level 9 in Unarmed Combat
  3487 | D:5      | Found a glowing drain.
  3660 | D:5      | Reached skill level 1 in Throwing
  3681 | Sewer    | Entered a sewer
  3685 | Sewer    | 3685 ||| Stepping ~*~*~tactically~*~*~ (stealth).
  3702 | Sewer    | Reached skill level 1 in Dodging
  3724 | Sewer    | Reached XP level 8. HP: 73/75 MP: 8/8
  3725 | Sewer    | 3725 ||| Stepping ~*~*~tactically~*~*~ (stealth).
  3755 | Sewer    | 3755 ||| READING scroll labelled SEILECS WEUCWU.
  3756 | Sewer    | 3756 ||| READING 3 scrolls of identify.
  3756 | Sewer    | 3756 ||| IDENTIFYING puce potion
  3757 | Sewer    | 3757 ||| READING 2 scrolls of identify.
  3757 | Sewer    | 3757 ||| IDENTIFYING blue potion
  3758 | Sewer    | 3758 ||| DROPPING potion of attraction.
  3759 | Sewer    | 3759 ||| DROPPING potion of brilliance.
  3770 | D:5      | 3770 ||| PLANNING D:1-11
  3789 | D:5      | 3789 ||| Stepping ~*~*~tactically~*~*~ (stealth).
  3847 | D:5      | 3847 ||| Stepping ~*~*~tactically~*~*~ (outnumbered).
  3875 | D:5      | 3875 ||| Stepping ~*~*~tactically~*~*~ (hiding).
  4104 | D:5      | 4104 ||| DROPPING orb of wrath.
  4287 | D:6      | Reached skill level 10 in Unarmed Combat
  4328 | D:6      | 4328 ||| Stepping ~*~*~tactically~*~*~ (stealth).
  4824 | D:6      | Noticed Edmund
  4827 | D:6      | 4827 ||| DRINKING 4 potions of curing.
  4827 | D:6      | 4827 ||| (to cure confusion)
  4833 | D:6      | 4833 ||| INVOKING Fiery Armour.
  4839 | D:6      | Killed Edmund
  4840 | D:6      | Reached XP level 9. HP: 34/84 MP: 9/9
  4932 | D:6      | Reached skill level 11 in Unarmed Combat
  5051 | D:6      | 5051 ||| READING scroll labelled FONGAIGEXA.
  5052 | D:6      | 5052 ||| READING scroll labelled XOSYRU VUDAOT.
  5064 | D:7      | 5064 ||| INVOKING Fiery Armour.
  5077 | D:7      | Reached skill level 3 in Throwing
  5083 | D:7      | 5083 ||| FLEEEEING.
  5084 | D:7      | 5084 ||| FLEEEEING.
  5085 | D:7      | 5085 ||| FLEEEEING.
  5086 | D:7      | 5086 ||| FLEEEEING.
  5087 | D:7      | 5087 ||| FLEEEEING.
  5088 | D:7      | 5088 ||| FLEEEEING.
  5098 | D:7      | 5098 ||| STAIRDANCE
  5199 | D:7      | 5199 ||| Stepping ~*~*~tactically~*~*~ (outnumbered).
  5200 | D:7      | 5200 ||| Stepping ~*~*~tactically~*~*~ (outnumbered).
  5201 | D:7      | 5201 ||| Stepping ~*~*~tactically~*~*~ (outnumbered).
  5202 | D:7      | 5202 ||| Stepping ~*~*~tactically~*~*~ (outnumbered).
  5207 | D:7      | 5207 ||| Stepping ~*~*~tactically~*~*~ (outnumbered).
  5237 | D:7      | 5237 ||| Stepping ~*~*~tactically~*~*~ (outnumbered).
  5263 | D:7      | 5263 ||| Stepping ~*~*~tactically~*~*~ (hiding).
  5294 | D:7      | Found a staircase to the Ecumenical Temple.
  5545 | D:7      | 5545 ||| UPGRADING to ring of see invisible.
  5547 | D:7      | 5547 ||| DRINKING 3 pink potions.
  5548 | D:7      | 5548 ||| READING 4 scrolls of identify.
  5548 | D:7      | 5548 ||| IDENTIFYING smoky ruby potion
  5549 | D:7      | 5549 ||| DROPPING 2 potions of flight.
  5550 | D:7      | 5550 ||| DROPPING potion of degeneration.
  5680 | D:8      | 5680 ||| Stepping ~*~*~tactically~*~*~ (hiding).
  5684 | D:8      | Noticed Joseph
  5685 | D:8      | Reached skill level 12 in Unarmed Combat
  5685 | D:8      | 5685 ||| FLEEEEING.
  5687 | D:8      | 5687 ||| FLEEEEING.
  5689 | D:8      | 5689 ||| FLEEEEING.
  5691 | D:8      | 5691 ||| FLEEEEING.
  5692 | D:8      | 5692 ||| FLEEEEING.
  5693 | D:8      | 5693 ||| FLEEEEING.
  5694 | D:8      | 5694 ||| FLEEEEING.
  5695 | D:8      | 5695 ||| FLEEEEING.
  5696 | D:8      | 5696 ||| FLEEEEING.
  5701 | D:8      | 5701 ||| FLEEEEING.
  5702 | D:8      | 5702 ||| FLEEEEING.
  5703 | D:8      | 5703 ||| FLEEEEING.
  5704 | D:8      | 5704 ||| FLEEEEING.
  5706 | D:8      | 5706 ||| FLEEEEING.
  5707 | D:8      | 5707 ||| FLEEEEING.
  5708 | D:8      | 5708 ||| FLEEEEING.
  5715 | D:8      | 5715 ||| FLEEEEING.
  5716 | D:8      | 5716 ||| FLEEEEING.
  5717 | D:8      | 5717 ||| FLEEEEING.
  5718 | D:8      | 5718 ||| FLEEEEING.
  5719 | D:8      | 5719 ||| FLEEEEING.
  5720 | D:8      | 5720 ||| FLEEEEING.
  5721 | D:8      | 5721 ||| FLEEEEING.
  5722 | D:8      | 5722 ||| FLEEEEING.
  5723 | D:8      | 5723 ||| Stepping ~*~*~tactically~*~*~ (hiding).
  5735 | D:8      | 5735 ||| INVOKING Fiery Armour.
  5736 | D:8      | Killed Joseph
  6008 | D:8      | 6008 ||| Stepping ~*~*~tactically~*~*~ (hiding).
  6137 | D:8      | 6137 ||| Stepping ~*~*~tactically~*~*~ (hiding).
  6139 | D:8      | Found an iron altar of Okawaru.
  6141 | D:8      | 6141 ||| Stepping ~*~*~tactically~*~*~ (outnumbered).
  6145 | D:8      | 6145 ||| Stepping ~*~*~tactically~*~*~ (outnumbered).
  6212 | D:8      | Found an ornate altar of the Wu Jian Council.
  6344 | D:8      | Found Harokite's Weapon Shop.
  6425 | D:8      | 6425 ||| READING scroll labelled ANATZE ITYNU.
  6452 | D:9      | Found a staircase to the Lair.
  6486 | D:9      | 6486 ||| Stepping ~*~*~tactically~*~*~ (stealth).
  6490 | D:9      | 6490 ||| Stepping ~*~*~tactically~*~*~ (stealth).
  6498 | D:9      | 6498 ||| Stepping ~*~*~tactically~*~*~ (hiding).
  6526 | D:9      | 6526 ||| Stepping ~*~*~tactically~*~*~ (stealth).
  6532 | D:9      | 6532 ||| Stepping ~*~*~tactically~*~*~ (hiding).
  6533 | D:9      | 6533 ||| Stepping ~*~*~tactically~*~*~ (hiding).
  6558 | D:9      | 6558 ||| Stepping ~*~*~tactically~*~*~ (stealth).
  6568 | D:9      | 6568 ||| Stepping ~*~*~tactically~*~*~ (outnumbered).
  6689 | D:9      | Reached XP level 10. HP: 57/96 MP: 10/10
  6690 | D:9      | Reached skill level 13 in Unarmed Combat
  6697 | D:9      | Reached skill level 1 in Armour
  6701 | D:9      | 6701 ||| INVOKING Fiery Armour.
  6702 | D:9      | 6702 ||| Stepping ~*~*~tactically~*~*~ (outnumbered).
  6703 | D:9      | 6703 ||| Stepping ~*~*~tactically~*~*~ (outnumbered).
  6704 | D:9      | 6704 ||| Stepping ~*~*~tactically~*~*~ (outnumbered).
  6707 | D:9      | 6707 ||| Stepping ~*~*~tactically~*~*~ (outnumbered).
  6708 | D:9      | 6708 ||| Stepping ~*~*~tactically~*~*~ (outnumbered).
  6809 | D:9      | 6809 ||| Stepping ~*~*~tactically~*~*~ (hiding).
  7147 | D:9      | Noticed a fire dragon
  7148 | D:9      | 7148 ||| INVOKING Fiery Armour.
  7160 | D:9      | Killed a fire dragon
  7161 | D:9      | Reached skill level 14 in Unarmed Combat
  7218 | D:9      | Identified the +3 spear "Sarcophage" {vorpal, rElec Will-
                  | Dex+6}
  7219 | D:9      | Identified the +4 flail "Huhanoack" {vorpal, rC+}
  7315 | D:9      | Noticed a two-headed ogre
  7322 | D:9      | Killed a two-headed ogre
  7323 | D:9      | Reached skill level 6 in Fighting
  7326 | D:9      | 7326 ||| INVOKING Fiery Armour.
  7437 | D:9      | Found a stormy altar of Qazlal.
  7631 | D:9      | 7631 ||| PLANNING LAIR
  7631 | D:9      | 7631 ||| UPGRADING to +0 fire dragon scales.
  7641 | D:9      | 7641 ||| DROPPING +0 robe.
  7642 | D:9      | 7642 ||| DROPPING ring of protection from cold.
  7689 | Lair:1   | Entered Level 1 of the Lair of Beasts
  7690 | Lair:1   | 7690 ||| INVOKING Fiery Armour.
  7715 | Lair:1   | Reached skill level 3 in Armour
  7798 | Lair:1   | 7798 ||| Stepping ~*~*~tactically~*~*~ (stealth).
  7871 | Lair:1   | Reached XP level 11. HP: 105/105 MP: 11/11
  7973 | Lair:1   | 7973 ||| Stepping ~*~*~tactically~*~*~ (outnumbered).
  7974 | Lair:1   | 7974 ||| Stepping ~*~*~tactically~*~*~ (outnumbered).
  8077 | Lair:1   | 8077 ||| Stepping ~*~*~tactically~*~*~ (stealth).
  8078 | Lair:1   | 8078 ||| Stepping ~*~*~tactically~*~*~ (stealth).
  8084 | Lair:1   | Reached skill level 15 in Unarmed Combat
  8095 | Lair:1   | 8095 ||| INVOKING Fiery Armour.
  8101 | Lair:1   | 8101 ||| Stepping ~*~*~tactically~*~*~ (outnumbered).
  8104 | Lair:1   | 8104 ||| Stepping ~*~*~tactically~*~*~ (outnumbered).
  8105 | Lair:1   | 8105 ||| Stepping ~*~*~tactically~*~*~ (outnumbered).
  8870 | Lair:2   | 8870 ||| Stepping ~*~*~tactically~*~*~ (stealth).
  8872 | Lair:2   | 8872 ||| Stepping ~*~*~tactically~*~*~ (stealth).
  8886 | Lair:2   | 8886 ||| Stepping ~*~*~tactically~*~*~ (stealth).
  8893 | Lair:2   | Noticed a four-headed hydra
  8894 | Lair:2   | 8894 ||| INVOKING Fiery Armour.
  8902 | Lair:2   | Killed a seven-headed hydra
  8916 | Lair:2   | Reached skill level 16 in Unarmed Combat
  9034 | Lair:2   | 9034 ||| Stepping ~*~*~tactically~*~*~ (stealth).
  9039 | Lair:2   | 9039 ||| Stepping ~*~*~tactically~*~*~ (stealth).
  9041 | Lair:2   | 9041 ||| Stepping ~*~*~tactically~*~*~ (stealth).
  9248 | Lair:2   | 9248 ||| PLANNING CONVERSION TO OKAWARU
  9330 | D:8      | 9330 ||| PLANNING D:1-11
  9330 | D:8      | 9330 ||| READING 5 scrolls of identify.
  9330 | D:8      | 9330 ||| IDENTIFYING metallic green potion
  9380 | D:7      | 9380 ||| READING 7 scrolls of teleportation.
  9381 | D:7      | 9381 ||| PLANNING LAIR
  9544 | Lair:2   | Noticed Urug
  9545 | Lair:2   | 9545 ||| FLEEEEING.
  9546 | Lair:2   | 9546 ||| FLEEEEING.
  9547 | Lair:2   | 9547 ||| FLEEEEING.
  9548 | Lair:2   | 9548 ||| FLEEEEING.
  9549 | Lair:2   | 9549 ||| FLEEEEING.
  9550 | Lair:2   | 9550 ||| FLEEEEING.
  9551 | Lair:2   | 9551 ||| FLEEEEING.
  9552 | Lair:2   | 9552 ||| FLEEEEING.
  9553 | Lair:2   | 9553 ||| FLEEEEING.
  9554 | Lair:2   | 9554 ||| FLEEEEING.
  9555 | Lair:2   | 9555 ||| FLEEEEING.
  9556 | Lair:2   | 9556 ||| FLEEEEING.
  9557 | Lair:2   | 9557 ||| FLEEEEING.
  9558 | Lair:2   | 9558 ||| FLEEEEING.
  9559 | Lair:2   | 9559 ||| FLEEEEING.
  9560 | Lair:2   | 9560 ||| FLEEEEING.
  9561 | Lair:2   | 9561 ||| FLEEEEING.
  9562 | Lair:2   | 9562 ||| FLEEEEING.
  9563 | Lair:2   | 9563 ||| FLEEEEING.
  9564 | Lair:2   | 9564 ||| FLEEEEING.
  9565 | Lair:2   | 9565 ||| FLEEEEING.
  9568 | Lair:2   | 9568 ||| STAIRDANCE
  9583 | Lair:1   | 9583 ||| READING scroll labelled XUSAJY PAWOACS.
  9645 | Lair:2   | Killed Urug
  9646 | Lair:2   | 9646 ||| STAIRDANCE
 10177 | Lair:2   | 10177 ||| READING scroll labelled WIETAE URANILI.
 10345 | Lair:3   | Reached XP level 12. HP: 117/118 MP: 12/12
 10394 | Lair:3   | Found a staircase to the Swamp.
 10432 | Lair:3   | 10432 ||| Stepping ~*~*~tactically~*~*~ (stealth).
 10437 | Lair:3   | 10437 ||| Stepping ~*~*~tactically~*~*~ (stealth).
 10591 | Lair:3   | Reached skill level 17 in Unarmed Combat
 10664 | Lair:3   | 10664 ||| Stepping ~*~*~tactically~*~*~ (outnumbered).
 10665 | Lair:3   | 10665 ||| Stepping ~*~*~tactically~*~*~ (outnumbered).
 10665 | Lair:3   | HP: 28/118 [jumping spider (14)]
 10666 | Lair:3   | 10666 ||| READING 8 scrolls of teleportation.
 10667 | Lair:3   | 10667 ||| DRINKING 6 potions of heal wounds.
 10702 | Lair:3   | 10702 ||| Stepping ~*~*~tactically~*~*~ (stealth).
 10785 | Lair:3   | Found a hole to the Spider Nest.
 10988 | Lair:3   | 10988 ||| Stepping ~*~*~tactically~*~*~ (stealth).
 11195 | Lair:3   | 11195 ||| Stepping ~*~*~tactically~*~*~ (stealth).
 11199 | Lair:3   | 11199 ||| Stepping ~*~*~tactically~*~*~ (outnumbered).
 11419 | Lair:3   | 11419 ||| DROPPING amulet of guardian spirit.
 11444 | Lair:4   | 11444 ||| Stepping ~*~*~tactically~*~*~ (stealth).
 11445 | Lair:4   | 11445 ||| Stepping ~*~*~tactically~*~*~ (stealth).
 11449 | Lair:4   | 11449 ||| Stepping ~*~*~tactically~*~*~ (outnumbered).
 11450 | Lair:4   | 11450 ||| Stepping ~*~*~tactically~*~*~ (outnumbered).
 11451 | Lair:4   | 11451 ||| Stepping ~*~*~tactically~*~*~ (outnumbered).
 11452 | Lair:4   | 11452 ||| Stepping ~*~*~tactically~*~*~ (outnumbered).
 11453 | Lair:4   | 11453 ||| Stepping ~*~*~tactically~*~*~ (outnumbered).
 11454 | Lair:4   | 11454 ||| Stepping ~*~*~tactically~*~*~ (outnumbered).
 11455 | Lair:4   | 11455 ||| STAIRDANCE
 11457 | Lair:3   | 11457 ||| Stepping ~*~*~tactically~*~*~ (outnumbered).
 11458 | Lair:3   | 11458 ||| Stepping ~*~*~tactically~*~*~ (outnumbered).
 11476 | Lair:4   | 11476 ||| Stepping ~*~*~tactically~*~*~ (outnumbered).
 11477 | Lair:4   | 11477 ||| Stepping ~*~*~tactically~*~*~ (outnumbered).
 11478 | Lair:4   | 11478 ||| Stepping ~*~*~tactically~*~*~ (outnumbered).
 11479 | Lair:4   | 11479 ||| Stepping ~*~*~tactically~*~*~ (outnumbered).
 11481 | Lair:4   | 11481 ||| Stepping ~*~*~tactically~*~*~ (outnumbered).
 11485 | Lair:4   | 11485 ||| Stepping ~*~*~tactically~*~*~ (outnumbered).
 11486 | Lair:4   | 11486 ||| Stepping ~*~*~tactically~*~*~ (outnumbered).
 11584 | Lair:4   | Noticed a catoblepas
 11585 | Lair:4   | 11585 ||| Stepping ~*~*~tactically~*~*~ (cloud).
 11588 | Lair:4   | 11588 ||| Stepping ~*~*~tactically~*~*~ (cloud).
 11595 | Lair:4   | 11595 ||| Stepping ~*~*~tactically~*~*~ (cloud).
 11596 | Lair:4   | 11596 ||| Stepping ~*~*~tactically~*~*~ (cloud).
 11597 | Lair:4   | Killed a catoblepas
 11732 | Lair:4   | 11732 ||| Stepping ~*~*~tactically~*~*~ (stealth).
 11749 | Lair:4   | Found a staircase to the Slime Pits.
 11754 | Lair:4   | Found a viscous altar of Jiyva.
 12039 | Lair:4   | 12039 ||| Stepping ~*~*~tactically~*~*~ (hiding).
 12403 | Lair:5   | Entered Level 5 of the Lair of Beasts
 12419 | Lair:5   | 12419 ||| Stepping ~*~*~tactically~*~*~ (outnumbered).
 12420 | Lair:5   | 12420 ||| Stepping ~*~*~tactically~*~*~ (outnumbered).
 12421 | Lair:5   | 12421 ||| Stepping ~*~*~tactically~*~*~ (outnumbered).
 12422 | Lair:5   | 12422 ||| Stepping ~*~*~tactically~*~*~ (outnumbered).
 12423 | Lair:5   | 12423 ||| Stepping ~*~*~tactically~*~*~ (outnumbered).
 12425 | Lair:5   | 12425 ||| Stepping ~*~*~tactically~*~*~ (outnumbered).
 12426 | Lair:5   | 12426 ||| Stepping ~*~*~tactically~*~*~ (outnumbered).
 12431 | Lair:5   | Reached skill level 18 in Unarmed Combat
 12476 | Lair:5   | 12476 ||| Stepping ~*~*~tactically~*~*~ (outnumbered).
 12477 | Lair:5   | 12477 ||| Stepping ~*~*~tactically~*~*~ (outnumbered).
 12601 | Lair:5   | 12601 ||| Stepping ~*~*~tactically~*~*~ (stealth).
 12816 | Lair:5   | 12816 ||| Stepping ~*~*~tactically~*~*~ (stealth).
 12821 | Lair:5   | 12821 ||| Stepping ~*~*~tactically~*~*~ (outnumbered).
 12822 | Lair:5   | 12822 ||| Stepping ~*~*~tactically~*~*~ (outnumbered).
 12824 | Lair:5   | 12824 ||| Stepping ~*~*~tactically~*~*~ (outnumbered).
 12892 | Lair:5   | 12892 ||| Stepping ~*~*~tactically~*~*~ (hiding).
 12902 | Lair:5   | HP: 29/119 [molten gargoyle/bolt of magma (6)]
 12903 | Lair:5   | 12903 ||| READING 7 scrolls of teleportation.
 12904 | Lair:5   | 12904 ||| DRINKING 6 potions of heal wounds.
 12907 | Lair:5   | Found a large runed translucent door.
 12907 | Lair:5   | Found a large runed translucent door.
 12908 | Lair:5   | 12908 ||| DRINKING potion of cancellation.
 12908 | Lair:5   | HP: 29/119 [hell hound (6)]
 12909 | Lair:5   | 12909 ||| READING 6 scrolls of teleportation.
 12909 | Lair:5   | HP: 14/119 [black mamba (4)]
 12909 | Lair:5   | Slain by a komodo dragon

Levels and vault maps discovered:
D:1:      lightli_molten_gateway, layout_loops_ring, serial_shops,
          shop_fountains
D:2:      layout_loops_corners, minmay_misc_feat_alley, uniq_sigmund
D:3:      cheibrodos_greedy_goblins, layout_loops_ring, uniq_robin
D:4:      layout_cave_pools, gammafunk_ghost_mausoleum,
          chequers_serial_rivers_small_a, minmay_pentomino_pile,
          uniq_crazy_yiuf_cottage, uniq_ijyb
D:5:      layout_loops_cross, gup_sewer_entry_glass,
          chequers_serial_rivers_small_b
D:6:      layout_loops_corners, uniq_edmund
D:7:      layout_rooms, minmay_temple_entry_waves, dreamdust_mushroom_princess,
          amcnicky_mini_corridor_feature
D:8:      layout_rooms, mainiacjoe_overflow_catch_the_wave, minmay_statues_item,
          kennysheep_small_circle, uniq_joseph
D:9:      dragon1_lemuel, layout_basic, mainiacjoe_overflow_alcove_1,
          lair_entry_dummy
Lair:1:   layout_gridlike, lemuel_fruit_fields
Lair:2:   layout_hall_layers, uniq_urug
Lair:3:   layout_regular_city, swamp_mist_pool,
          nicolae_spider_entry_tight_spaces, chequers_serial_rivers_room_b
Lair:4:   layout_hall_layers, nicolae_slime_entry_slimehenge, grunt_megastairs_3
Lair:5:   cheibrodos_lair_end_hotspot, layout_gridlike, lemuel_fruit_tree

Skill      XL: |  1  2  3  4  5  6  7  8  9 10 11 12 |
---------------+-------------------------------------+-----
Unarmed Combat | 6 8 9 10 12 14 16 18 | 18.0
Fighting       | 3 4 5 6 7 8 |  8.0
Throwing       | 1 2 3 4 5 |  5.0
Dodging        | 1 2 |  2.0
Armour         | 3 4 5 |  5.0
Spellcasting   | |  1.0
Fire Magic     | |  2.1

Action                   |  1- 3 |  4- 6 |  7- 9 | 10-12 || total
-------------------------+-------+-------+-------+-------++-------
Melee: Unarmed           |    47 |   133 |   303 |   414 ||   897
       Punch             |     3 |     3 |    11 |    32 ||    49
Throw: Boomerang         |       |     4 |    78 |    20 ||   102
       Javelin           |       |       |    27 |    56 ||    83
Invok: Fiery Armour      |       |     2 |     3 |     6 ||    11
  Use: Scroll            |     6 |     4 |     9 |     7 ||    26
       Potion            |     2 |     2 |     2 |     3 ||     9
Armor: Robe              |    14 |    39 |    51 |     9 ||   113
       Fire dragon scale |       |       |       |   131 ||   131
Dodge: Dodged            |     5 |    31 |    85 |   111 ||   232
Block: Other             |       |    18 |    51 |    71 ||   140
       Reflection        |       |     2 |     5 |       ||     7

Table legend:
 A = Non-vault XP
 B = Vault XP
 C = Vault XP percentage of total XP
 D = Non-vault monster count
 E = Vault monster count
 F = Vault count percentage of total count
                 A         B        C        D         E       F
            +---------+---------+-------+---------+---------+-------
      Total |   30235 |    7091 |  19.0 |     251 |      71 |  22.0
            +---------+---------+-------+---------+---------+-------
        D:1 |      20 |       0 |   0.0 |      11 |       0 |   0.0
        D:2 |      26 |     223 |  89.6 |       9 |       1 |  10.0
        D:3 |     224 |      54 |  19.4 |      21 |      21 |  50.0
        D:4 |     273 |     242 |  47.0 |      24 |       7 |  22.6
        D:5 |     596 |      40 |   6.3 |      15 |       3 |  16.7
        D:6 |    1083 |     154 |  12.4 |      21 |       1 |   4.5
        D:7 |     961 |       0 |   0.0 |      17 |       0 |   0.0
        D:8 |     605 |     545 |  47.4 |      13 |       2 |  13.3
        D:9 |    3120 |     905 |  22.5 |      27 |       1 |   3.6
     Lair:1 |    5410 |       0 |   0.0 |      26 |       0 |   0.0
     Lair:2 |    6196 |     804 |  11.5 |      22 |       1 |   4.3
     Lair:3 |    3638 |    2100 |  36.6 |      18 |      10 |  35.7
     Lair:4 |    1833 |     906 |  33.1 |       7 |      11 |  61.1
     Lair:5 |    6250 |    1027 |  14.1 |      20 |       3 |  13.0
      Sewer |       0 |      91 | 100.0 |       0 |      10 | 100.0
            +---------+---------+-------+---------+---------+-------
